 Dungeon Crawl Stone Soup version 0.31-a0-986-g5e6e4ef867 (webtiles) character file.

Game seed: 5559249473192817666

0 monsoonserge the Caller (level 1, 0/13 HPs)
             Began as a Human Summoner on Nov 17, 2023.
             Slain by a rat (1 damage)
             ... on level 1 of the Dungeon.
             The game lasted 00:01:45 (210 turns).

monsoonserge the Caller (Human Summoner)             Turns: 210, Time: 00:01:46

Health: 0/13       AC:  2    Str:  8    XL:     1   Next: 11%
Magic:  0/3        EV: 12    Int: 15    God:
Gold:   14         SH:  0    Dex: 13    Spells: 3/4 levels left

rFire   . . .        f - +0 whip
rCold   . . .        (no shield)
rNeg    . . .        a - +0 robe
rPois   .            (no helmet)
rElec   .            (no cloak)
rCorr   .            (no gloves)
SInv    .            (no boots)
Will    .....        (no amulet)
Stlth   ++           (no ring)
HPRegen 0.22/turn    (no ring)
MPRegen 0.08/turn

%: no passive effects
@: no status effects
A: no striking features
a: no special abilities


You were on level 1 of the Dungeon.
You visited 1 branch of the dungeon, and saw 1 of its levels.

You collected 14 gold pieces.

Inventory:

Hand Weapons
 f - a +0 whip (weapon)
Armour
 a - a +0 robe (worn)
 h - a +0 ring mail
Jewellery
 e - a +4 ring of protection
Scrolls
 c - a scroll of identify {unknown}
 d - a scroll of enchant weapon {unknown}
 g - a scroll of poison {unknown}
Potions
 b - a potion of magic
 i - 2 potions of heal wounds {unknown}


   Skills:
 + Level 2.0 Dodging
 + Level 2.0 Stealth
 + Level 2.0 Spellcasting
 + Level 4.0 Summonings


You had 3 spell levels left.
You knew the following spells:

 Your Spells              Type           Power      Damage    Failure   Level
a - Summon Small Mammal   Summ           52%        N/A       4%          1

Your spell library contained the following spells:

 Spells                   Type           Power      Damage    Failure   Level
 Call Imp                 Summ           26%        N/A       6%          2
 Call Canine Familiar     Summ           13%        N/A       13%         3
 Summon Guardian Golem    Hex/Summ       7%         N/A       28%         3
 Summon Lightning Spire   Summ/Air       7%         N/A       67%         4


Dungeon Overview and Level Annotations

Branches:
Dungeon (1/15)

Altars:


Message History

Confirm with . or Enter, or press ? or * to list all spells.
The kobold barely misses you.
Casting: Summon Small Mammal (safe; 4% risk of failure)
Confirm with . or Enter, or press ? or * to list all spells.
The kobold hits you with a +0 whip.
Your bat hits the kobold but does no damage.
Casting: Summon Small Mammal (safe; 4% risk of failure)
Confirm with . or Enter, or press ? or * to list all spells.
Okay, then.
Unknown command.
You closely miss the kobold.
Your bat barely misses the kobold.
Your bat closely misses the kobold.
The rat closely misses you. The kobold hits you with a +0 whip.
Unknown command.
You barely miss the kobold. Your bat misses the kobold.
Your bat hits the kobold but does no damage.
Your bat closely misses the kobold.
The rat bites you. The kobold hits you with a +0 whip.
* * * LOW HITPOINT WARNING * * *
Your bat misses the kobold.
Unknown command.
You hit the kobold but do no damage. Your bat misses the kobold.
Your bat barely misses the kobold.
Your bat completely misses the kobold.
Your bat hits the kobold but does no damage.
The kobold misses you. The rat closely misses you.
Unknown command.
You hit the kobold.
The kobold is moderately wounded.
Your bat hits the kobold. x2; Your bat barely misses the kobold. x2
The rat twitches its whiskers.
The rat misses you.
Your bat closely misses the kobold.
The rat bites you.
* * * LOW HITPOINT WARNING * * *
The kobold hits your bat with a +0 whip.
Your bat dies!
Your bat's corpse disappears in a puff of smoke!
Casting: Summon Small Mammal (safe; 4% risk of failure)
Confirm with . or Enter, or press ? or * to list all spells.
Your bat barely misses the kobold.
The kobold closely misses your bat. The rat bites you.
You die...

#........###....#.####
##.####.#....>........
#.# #.####.#########
#.# #.# ##.## # #.#
#.###...########
#.####...............
#....#####...########
####.## ##.## #b@.#
#.# ......rb..# #.#
####$.K........#
#...B.######## #.....#
#.[.... #.....#
#.....#


You could see a giant cockroach, a kobold (ally target), a rat (ally target) and
2 friendly bats.

Vanquished Creatures (collateral kills)
  A kobold (D:1)
1 creature vanquished.

Notes
Turn   | Place    | Note
-------+----------+-------------------------------------------
     0 | D:1      | monsoonserge the Human Summoner began the quest for the
                  | Orb.
     0 | D:1      | Reached XP level 1. HP: 13/13 MP: 3/3
   210 | D:1      | Slain by a rat

Illustrated notes

Levels and vault maps discovered:
D:1:      lightli_arrival_statuegarden, layout_loops_ring,
          shapermc_ecumenical_altar_starsandcircs

Action                     || total
---------------------------++-------
  Melee: Whip              ||     5
         Unarmed           ||     2
   Cast: Summon Small Mamm ||     6
   Stab: Sleeping          ||     1
 Armour: Robe              ||    10
  Dodge: Dodged            ||     7

Table legend: (Time is in decaauts)
 A = Elapsed time spent in this place.
 B = Non-inter-level travel time spent in this place.
 C = Inter-level travel time spent in this place.
 D = Time resting spent in this place.
 E = Time spent auto-exploring this place.
 F = Levels seen in this place.
 G = Mean time per level.
                   A        B        C        D        E       F      G
               +--------+--------+--------+--------+--------+-----+--------+
         Total |    210 |    210 |      0 |     27 |    114 |   1 |  210.0 |
       Dungeon |    210 |    210 |      0 |     27 |    114 |   1 |  210.0 |
               +--------+--------+--------+--------+--------+-----+--------+

Top non-repeatable levels by time:
     D:1: 210 daAuts
